 Dungeon Crawl Stone Soup version 0.27.0-1-g7a089689b8 (webtiles) character file.

Game seed: 5690542111209003373

27 ryw the Skirmisher (level 2, -2/24 HPs)
             Began as a Demonspawn Monk on Aug 12, 2021.
             Slain by a gnoll (5 damage)
             ... on level 1 of the Dungeon.
             The game lasted 00:02:11 (1151 turns).

ryw the Skirmisher (Demonspawn Monk)                Turns: 1151, Time: 00:02:12

Health: -2/24      AC:  2    Str: 11    XL:     2   Next: 93%
Magic:  2/2        EV: 13    Int: 11    God:
Gold:   36         SH:  4    Dex: 15    Spells: 1/1 levels left

rFire    . . .     SeeInvis .     - Unarmed
rCold    . . .     Faith    .   (no shield)
rNeg     . . .     Spirit   .   a - +0 robe
rPois    .         Reflect  .   (no helmet)
rElec    .         Harm     .   (no cloak)
rCorr    .         Rampage  .   (no gloves)
Will     .....                  (no boots)
Stlth    ++........             (no amulet)
HPRegen  0.08/turn              (no ring)
MPRegen  0.08/turn              (no ring)

@: no status effects
A: large bone plates 1
a: no special abilities


You were on level 1 of the Dungeon.
You visited 1 branch of the dungeon, and saw 1 of its levels.

You collected 36 gold pieces.

Inventory:

Armour
 a - a +0 robe (worn)
Scrolls
 c - a scroll of identify {unknown}
 d - a scroll of holy word {unknown}
Potions
 b - a potion of curing {unknown}


   Skills:
 + Level 3.5 Fighting
 + Level 3.3 Dodging
 - Level 1.7 Stealth
 - Level 2.6 Unarmed Combat


You had one spell level left.
You didn't know any spells.
Your spell library was empty.

Dungeon Overview and Level Annotations

Branches:
Dungeon (1/15)

Altars:


Innate Abilities, Weirdness & Mutations

You are partially covered in large bone plates. (SH +4)


Message History

You start resting.
HP restored.
d - a scroll labelled KIHYFA RELAP A rat comes into view.
A ball python comes into view.
You block the rat's attack. The rat misses you.
You closely miss the rat. The rat closely misses you.
You hit the rat.
You kill the rat!
You hit the ball python.
You kill the ball python!
A dart slug comes into view.
The dart slug closely misses you.
The gnoll shouts!
You hit the dart slug.
The dart slug is moderately wounded.
You hit the dart slug.
The dart slug is heavily wounded.
The dart slug bites you but does no damage.
You completely miss the dart slug.
The dart slug is heavily wounded.
The dart slug barely misses you. The dart slug launches a dart at you.
The slug dart misses you.
You hit the gnoll but do no damage. You punch the gnoll.
The gnoll is heavily wounded.
You closely miss the gnoll.
The gnoll is heavily wounded.
The gnoll barely misses you.
You barely miss the gnoll.
The gnoll is heavily wounded.
The gnoll hits you with a +1 flail of holy wrath!
You convulse!
* * * LOW HITPOINT WARNING * * *
Unknown command.
You hit the gnoll but do no damage.
The gnoll is heavily wounded.
The gnoll hits you with a +1 flail of holy wrath.
You die...

...##.##.......# .#
.####.##..##...# .#
.##............# .#
#####.###.###..######.###
###...# #†###.>.........
.##.#.# #.....###.....#
..†.#.###.....### #..# #
.#####.†..#.###.###..##.#
.#####..###.##..@gw.....#
...#......#.##..##...#..#
........#.#.##..........#
................##..#####
.....................#
.....#..........######
.............##.#
.##..........####
....######.###


You could see a gnoll and a dart slug.

Vanquished Creatures
  A ball python (D:1)
  3 bats (D:1)
  4 endoplasms (D:1)
  3 giant cockroaches (D:1)
  4 hobgoblins (D:1)
  3 jackals (D:1)
  A kobold (D:1)
  A frilled lizard (D:1)
  2 rats (D:1)
22 creatures vanquished.

Notes
Turn   | Place    | Note
-------+----------+-------------------------------------------
     0 | D:1      | ryw the Demonspawn Monk began the quest for the Orb.
     0 | D:1      | Reached XP level 1. HP: 18/18 MP: 1/1
   373 | D:1      | Gained mutation: You are partially covered in large bone
                  | plates. (SH +4) [demonic ancestry]
   373 | D:1      | Reached XP level 2. HP: 23/24 MP: 2/2
   738 | D:1      | Found a faded altar of an unknown god.
  1151 | D:1      | Slain by a gnoll

Illustrated notes

Levels and vault maps discovered:
D:1:      heliophobic_arrival_henge, layout_basic, ebering_ecumenical_altar_hall

Skill      XL: |  1 |
---------------+----+-----
Dodging        | 3 |  3.3
Fighting       | |  3.5
Stealth        | |  1.7
Unarmed Combat | |  2.6

Action                   || total
-------------------------++-------
Melee: Unarmed           ||    99
       Punch             ||     2
 Stab: Sleeping          ||     3
Armor: Robe              ||    16
Dodge: Dodged            ||    77
Block: Other             ||     9
